 Dungeon Crawl Stone Soup version 0.29.0-11-gd7f09526c8 (webtiles) character file.

Game seed: 5457054960393013703

107071 jurb the Eclecticist (level 15, -17/57 HPs)
             Began as a Deep Elf Earth Elementalist on Sept 3, 2022.
             Was an Elder of Vehumet.
             Killed from afar by a wretched star (22 damage)
             ... with a lance of force
             ... on level 2 of the Abyss on Sept 4, 2022.
             The game lasted 03:05:58 (52851 turns).

jurb the Eclecticist (Deep Elf Earth Elementalist) Turns: 52851, Time: 03:05:59

Health: -17/57     AC: 11    Str:  1    XL:     15   Next: 99%
Magic:  32/32      EV: 36    Int: 24    God:    Vehumet [****..]
Gold:   1465       SH:  0    Dex: 11    Spells: 14/52 levels left

rFire   . . .      SeeInvis .   v - +6 sling (vorpal)
rCold   . . .      Faith    .   (no shield)
rNeg    . . .      Spirit   .   P - +2 robe {Will+}
rPois   .          Reflect  .   K - +2 hat
rElec   .          Harm     .   t - +2 cloak
rCorr   .          Rampage  .   (no gloves)
Will    ++...                   j - +2 pair of boots {Fly}
Stlth   ++........              R - amulet of the acrobat
HPRegen 0.19/turn               r - +4 ring of evasion
MPRegen 0.23/turn               J - ring of wizardry

@: lethally poisoned (-17 -> -21), about to teleport, acrobatic, flying, hasted,
very quick
A: [clumsy 2], [deformed body], [dopey 2], [frail 2], [low MP 2], [weak 2]
a: Renounce Religion


You were on level 2 of the Abyss.
You worshipped Vehumet.
Vehumet was greatly pleased with you.
You visited 6 branches of the dungeon, and saw 27 of its levels.
You visited the Abyss 1 time.

You collected 2082 gold pieces.
You spent 617 gold pieces at shops.

Inventory:

Hand Weapons
 v - a +6 vorpal sling (weapon)
Armour
 j - a +2 pair of boots of flying (worn)
 t - a +2 cloak (worn)
 D - a +2 robe of resistance
 K - a +2 hat (worn)
 P - a +2 robe of willpower (worn)
Jewellery
 f - a ring of willpower
 n - a ring of ice
 r - a +4 ring of evasion (left hand)
 u - a ring of willpower
 F - an amulet of regeneration
 J - a ring of wizardry (right hand)
 M - a ring of resist corrosion
 O - a +6 ring of strength
 Q - a ring of see invisible
 R - an amulet of the acrobat (around neck)
Wands
 w - a wand of polymorph (1)
 y - a wand of quicksilver (10)
 A - a wand of paralysis (8)
 H - a wand of roots (18)
 T - a wand of flame (6)
Scrolls
 c - 5 scrolls of noise
 d - a scroll of acquirement
 e - 2 scrolls of amnesia
 g - 6 scrolls of teleportation
 k - 5 scrolls of magic mapping
 l - 3 scrolls of enchant armour
 q - a scroll of immolation
 s - a scroll of poison
 E - 6 scrolls of butterflies
 G - 3 scrolls of identify
 N - a scroll of brand weapon
Potions
 a - 2 potions of berserk rage
 b - 2 potions of magic
 h - 3 potions of mutation
 p - 3 potions of might
 x - 2 potions of brilliance
 z - 4 potions of lignification
 B - a potion of ambrosia
 C - 2 potions of cancellation
 I - 4 potions of flight


   Skills:
 - Level 9.6 Ranged Weapons
 + Level 12.9 Dodging
 - Level 2.4 Stealth
 * Level 19.1 Spellcasting
 * Level 15.9 Conjurations
 - Level 1.1 Transmutations
 - Level 7.5 Ice Magic
 * Level 16.3 Earth Magic


You had 14 spell levels left.
You knew the following spells:

 Your Spells              Type           Power      Damage    Failure   Level
a - Sandblast             Erth           100%       2d20      0%          1
b - Passwall              Tmut/Erth      50%        N/A       1%          2
c - Stone Arrow           Conj/Erth      100%       3d13      0%          3
d - Petrify               Tmut/Erth      60%        N/A       1%          4
e - Airstrike             Air            11%        2d(2-18)  2%          4
f - Freezing Cloud        Conj/Ice/Air   28%        6-21      1%          5
g - Orb of Destruction    Conj           39%        9d11      1%          7
h - Lehudib's Crystal Sp  Conj/Erth      39%        10d10     2%          8
i - Cause Fear            Hex            11%        N/A       9%          4

Your spell library contained the following spells:

 Spells                   Type           Power      Damage    Failure   Level
 Magic Dart               Conj           100%       1d8       0%          1
 Foxfire                  Conj/Fire      100%       2x1d9     1%          1
 Necrotise                Necr           88%        1d8       1%          1
 Call Imp                 Summ           22%        N/A       1%          2
 Sublimation of Blood     Necr           22%        N/A       1%          2
 Conjure Flame            Conj/Fire      57%        6-21      1%          3
 Ignite Poison            Fire/Tmut/Pois 24%        N/A       1%          3
 Inner Flame              Hex/Fire       22%        N/A       1%          3
 Mephitic Cloud           Conj/Pois/Air  48%        N/A       1%          3
 Flame Wave               Conj/Fire      57%        2d14      1%          4
 Leda's Liquefaction      Hex/Erth       29%        N/A       1%          4
 Summon Ice Beast         Ice/Summ       41%        N/A       1%          4
 Gell's Gravitas          Tloc           22%        N/A       2%          3
 Lesser Beckoning         Tloc           22%        N/A       2%          3
 Portal Projectile        Hex/Tloc       44%        N/A       2%          3
 Summon Guardian Golem    Hex/Summ       22%        N/A       2%          3
 Teleport Other           Tloc           22%        N/A       2%          3
 Tukima's Dance           Hex            22%        N/A       2%          3
 Dispel Undead            Necr           22%        3d12      9%          4
 Passage of Golubria      Tloc           22%        N/A       9%          4
 Blade Hands              Tmut           14%        N/A       16%         5
 Silence                  Hex/Air        11%        N/A       22%         5
 Summon Mana Viper        Hex/Summ       22%        N/A       22%         5
 Monstrous Menagerie      Summ           11%        N/A       99%         7
 Fire Storm               Conj/Fire      28%        8d7       99%         9
 Borgnjor's Revivificati  Necr           11%        N/A       100%        8
 Infestation              Necr           11%        N/A       100%        8


Dungeon Overview and Level Annotations

Branches:
Dungeon (15/15)            Temple (1/1) D:6            Lair (5/5) D:11
 Shoals (2/4) Lair:3        Snake (0/4) Lair:3        Slime (0/5) Lair:4
    Orc (2/2) D:10            Elf (2/3) Orc:2        Vaults (0/5) D:13
 Depths: D:15

Altars:
Ashenzari
Cheibriados
Dithmenos
Elyvilon
Fedhas
Gozag
Hepliaklqana
Kikubaaqudgha
Makhleb
Nemelex Xobeh
Okawaru
Qazlal
Ru
Sif Muna
Trog
Uskayaw
Vehumet
Wu Jian
Xom
Yredelemnul
Zin
The Shining One
Jiyva

Shops:
D:1 [   D:9 [   D:11 *   D:13 [   D:15 ***   Orc:2 [=?*   Elf:1 :

Portals:
Trove: D:13 (give 11 potions of heal wounds)

Annotations:
Lair:2 2 transporters, Mandevil's ghost, journeyman TrEE
Lair:4 1 runed translucent door
Shoals:1 Louise; Mlioglotl
Orc:1 3 runed translucent doors, prawnwizard's ghost, journeyman MfMo
Elf:2 Saint Roka


Innate Abilities, Weirdness & Mutations

[You are very clumsy. (Dex -4)]
[Armour fits poorly on your strangely shaped body.]
[You are very dopey. (Int -4)]
[You are very frail. (-20% HP)]
[Your magical capacity is very low. (-20% MP)]
[You are very weak. (Str -4)]


Message History

Your body twists and deforms.
It was a potion of ambrosia.
You are confused.
You feel invigorated.
* * * LOW HITPOINT WARNING * * *
You feel very sick.
* * * LOW HITPOINT WARNING * * *
You feel very sick.
The green very ugly thing completely misses you.
* * * LOW HITPOINT WARNING * * *
You feel very sick.
The wretched star glows turbulently.
The lance of force misses you.
You feel sick.
The green very ugly thing completely misses you.
You feel very sick.
The wretched star pulses with an eldritch light!
You feel less energetic. x2
The green very ugly thing misses you.
You feel less invigorated.
You feel less confused.
You feel sick.
The wretched star pulses with an eldritch light!
You feel clumsy. x2; You feel frail. x2
The green very ugly thing tail-slaps you!
* * * LOW HITPOINT WARNING * * *
* * * LOW HITPOINT WARNING * * *
You feel sick.
* * * LOW HITPOINT WARNING * * *
You feel sick.
* * * LOW HITPOINT WARNING * * *
You feel sick.
The worldbinder calls forth creatures from the Crypt!
* * * LOW HITPOINT WARNING * * *
You feel sick.
* * * LOW HITPOINT WARNING * * *
You feel sick.
The wretched star glows turbulently.
The lance of force hits you!!
You die...

.. . .#. #. #... # . ..
#.... .#ยง . . ...# .##
.#.. ..# ###..## . .#
#.#.##.#.#.###......
#...@.*uWW.W....##..
....#....##x#...#.#..##
.........# .....#.. #
#..##...##...#.#..# .
#. .......##.# #....# #
..###.. ###. .# ## #.#
..#. #..... ## . #.
##....# #. .. ## . #
.##...#


You could see a green very ugly thing, a wretched star, 3 freezing wraiths and a
worldbinder.

Vanquished Creatures
  Jorgrun (D:14)
  Gastronok (Lair:2)
  Agnes (D:15)
  A very ugly thing (Abyss:2)
  Nessos (Lair:3)
  A deep elf death mage (Elf:1)
  5 catoblepae
  8 vault guards
  2 boulder beetles
  9 hydras
  3 centaur warriors
  8 two-headed ogres
  A merfolk avatar (Lair:5)
  7 dancing weapons
  8 orc high priests (Orc:2)
  4 tengu warriors
  Urug (D:12)
  A hell hog (Abyss:2)
  A deep elf knight (Elf:1)
  A sea snake (Shoals:1)
  2 necromancers (Elf:1)
  2 deep elf zephyrmancers
  A harpy (Lair:4)
  10 deep elf pyromancers
  2 orc knights
  An oklob plant (Lair:2)
  A wolf spider (D:15)
  3 ugly things
  2 fauns (Shoals:1)
  4 cyclopes
  An orc sorcerer (Orc:1)
  10 manticores
  A merfolk siren (Shoals:1)
  5 black mambas
  Maurice (D:13)
  5 elephants
  An elephant (shapeshifter) (D:15)
  4 cane toads
  Joseph (Lair:1)
  A molten gargoyle (D:15)
  4 gargoyles
  A torpor snail (Lair:5)
  12 komodo dragons
  6 rime drakes
  5 wind drakes
  2 merfolk (Shoals:1)
  3 polar bears
  3 trolls
  20 slime creatures
  A tyrant leech (shapeshifter) (D:15)
  2 hornets
  24 blink frogs
  4 dream sheep (Lair:5)
  3 snapping turtles
  An air elemental (Elf:1)
  A shadow (D:10)
  7 wyverns
  4 wraiths
  2 water elementals
  Eustachio (D:5)
  A vampire (D:8)
  2 large abominations (Abyss:2)
  A steam dragon (Lair:5)
  58 yaks
  A chaos spawn (Abyss:2)
  6 basilisks
  5 vampire mosquitoes
  8 wargs (Orc:2)
  An acid dragon (D:9)
  Edmund (D:6)
  3 nagas (Lair:3)
  14 water moccasins
  18 orc warriors
  A small abomination (Abyss:2)
  A sky beast (D:4)
  4 black bears
  3 ice beasts
  5 ogres
  18 wolves
  9 centaurs
  4 elf zombies (Elf:1)
  6 bullfrogs
  3 kobold brigands
  2 gnoll sergeants
  3 necrophages
  3 scorpions
  7 wights
  14 killer bees
  2 electric eels (Lair:3)
  2 howler monkeys
  A vampire bat (D:3)
  4 hounds
  2 jellies
  33 orc priests
  2 gnoll boudas
  Ijyb (D:5)
  5 iguanas
  22 orc wizards
  A hound skeleton (D:4)
  28 gnolls
  8 adders
  A shadow imp (D:8)
  3 white imps
  2 ufetubi
  4 worms
  4 dart slugs
  93 orcs
  A bat skeleton (D:3)
  5 bat zombies (D:3)
  9 endoplasms
  3 giant cockroaches
  8 goblins
  8 hobgoblins
  6 jackals (D:4)
  16 kobolds
  3 quokkas
  10 ball pythons (D:2)
  4 bats (D:3)
  5 frilled lizards
  8 rats
  3 bushes
738 creatures vanquished.

Vanquished Creatures (collateral kills)
  A boulder beetle (Lair:3)
  A cane toad (Lair:3)
2 creatures vanquished.

Vanquished Creatures (others)
  An orc (Elf:2)
  A bush (Lair:5)
  53 fungi
  132 plants
187 creatures vanquished.

Grand Total: 927 creatures vanquished

Notes
Turn   | Place    | Note
-------+----------+-------------------------------------------
     0 | D:1      | jurb the Deep Elf Earth Elementalist began the quest for
                  | the Orb.
     0 | D:1      | Reached XP level 1. HP: 10/10 MP: 6/6
   315 | D:1      | Found Qopleaxt's Armour Shop.
   421 | D:1      | Reached XP level 2. HP: 15/15 MP: 5/8
   609 | D:1      | Found a faded altar of an unknown god.
  1164 | D:2      | Reached XP level 3. HP: 19/19 MP: 8/10
  1200 | D:2      | Learned a level 2 spell: Passwall
  1204 | D:2      | Learned a level 3 spell: Stone Arrow
  1232 | D:2      | Reached skill level 4 in Spellcasting
  1452 | D:2      | Reached skill level 1 in Conjurations
  1505 | D:2      | Reached XP level 4. HP: 7/24 MP: 8/12
  2000 | D:2      | Reached XP level 5. HP: 28/28 MP: 12/14
  2619 | D:3      | Identified the +1 scale mail of the Evil One {Dex+3 SInv}
  2689 | D:3      | You fall into a shaft and drop 3 floors!
  2754 | D:6      | Noticed Edmund
  2866 | D:7      | Noticed an orc warrior
  2873 | D:6      | Found a staircase to the Ecumenical Temple.
  2873 | D:6      | Noticed a yak
  2892 | D:6      | Reached skill level 5 in Spellcasting
  2953 | D:6      | Noticed a yak
  2962 | Temple   | Entered the Ecumenical Temple
  2972 | Temple   | Became a worshipper of Vehumet
  3021 | D:6      | Noticed a yak
  3027 | D:6      | Noticed a yak
  3027 | D:6      | Noticed a yak
  3043 | D:5      | Entered Level 5 of the Dungeon
  3043 | D:5      | Noticed an ice beast
  3295 | D:4      | Reached skill level 5 in Earth Magic
  3295 | D:4      | Reached XP level 6. HP: 32/32 MP: 8/16
  3743 | D:4      | Noticed a moth of wrath
  3746 | D:4      | Found a bloodstained altar of Trog.
  3805 | D:4      | Found a burning altar of Makhleb.
  3954 | D:4      | Noticed a sky beast
  4039 | D:4      | Reached * piety under Vehumet
  4039 | D:4      | Offered knowledge of Freeze by Vehumet.
  4100 | D:4      | Reached skill level 6 in Spellcasting
  4376 | D:4      | Killed a sky beast
  4377 | D:4      | Reached XP level 7. HP: 36/36 MP: 11/18
  4908 | D:3      | Found an ancient bone altar of Kikubaaqudgha.
  5234 | D:6      | Reached skill level 7 in Spellcasting
  5461 | D:5      | Noticed Ijyb
  5467 | D:5      | Killed Ijyb
  5611 | D:5      | Noticed Eustachio
  5655 | D:5      | Reached XP level 8. HP: 41/41 MP: 15/21
  5771 | D:6      | Reached ** piety under Vehumet
  5772 | D:6      | Reached skill level 5 in Dodging
  5772 | D:6      | Reached skill level 5 in Conjurations
  5777 | D:6      | Offered knowledge of Shock by Vehumet.
  6129 | D:6      | Reached skill level 8 in Spellcasting
  6323 | D:6      | Killed Edmund
  6393 | D:6      | Reached XP level 9. HP: 45/45 MP: 13/23
  6753 | D:6      | Reached skill level 9 in Spellcasting
  7263 | D:7      | Offered knowledge of Static Discharge by Vehumet.
  7333 | D:7      | Found a white marble altar of Elyvilon.
  7762 | D:7      | Reached *** piety under Vehumet
  8382 | D:7      | Reached skill level 10 in Spellcasting
  8468 | D:7      | Learned a level 4 spell: Petrify
  8726 | D:8      | Noticed a two-headed ogre
  9099 | D:7      | Reached XP level 10. HP: 37/50 MP: 7/26
  9335 | D:8      | Killed a two-headed ogre
  9335 | D:8      | Offered knowledge of Conjure Flame by Vehumet.
  9336 | D:8      | Reached skill level 11 in Spellcasting
 11279 | D:9      | Got the Codex of Terrestrial Lightning
 11290 | D:9      | Learned a level 4 spell: Airstrike
 11540 | D:9      | Found Ywim Unu's Armour Emporium.
 11667 | D:10     | Entered Level 10 of the Dungeon
 11703 | D:9      | Reached **** piety under Vehumet
 11704 | D:9      | Reached skill level 1 in Ranged Weapons
 11805 | D:9      | Reached skill level 10 in Earth Magic
 12364 | D:9      | Reached skill level 12 in Spellcasting
 12758 | D:9      | Reached XP level 11. HP: 53/54 MP: 20/29
 13104 | D:10     | Offered knowledge of Freezing Cloud by Vehumet.
 13111 | D:10     | Learned a level 5 spell: Freezing Cloud
 13889 | D:10     | Found a staircase to the Orcish Mines.
 14343 | D:10     | Reached skill level 1 in Ice Magic
 14834 | D:1      | Bought a +2 robe of resistance for 452 gold pieces
 15146 | D:5      | Killed Eustachio
 15625 | D:11     | Reached skill level 10 in Conjurations
 15786 | D:11     | Found a staircase to the Lair.
 15812 | D:11     | Noticed a two-headed ogre
 15817 | D:11     | Killed a two-headed ogre
 16460 | D:11     | Reached ***** piety under Vehumet
 16479 | D:11     | Offered knowledge of Olgreb's Toxic Radiance by Vehumet.
 16767 | D:11     | Found an opulent altar of Gozag.
 16769 | D:11     | Found Gozag's Platinum Reserve.
 16780 | D:11     | Reached skill level 13 in Spellcasting
 17309 | D:12     | Noticed a two-headed ogre
 17318 | D:12     | Killed a two-headed ogre
 17632 | D:12     | Noticed a deep elf pyromancer
 17634 | D:12     | Killed a deep elf pyromancer
 17945 | D:12     | Reached skill level 5 in Ranged Weapons
 17986 | D:12     | Noticed a white ugly thing
 18185 | D:12     | Noticed a five-headed hydra
 18185 | D:12     | Noticed a four-headed hydra
 18323 | Lair:1   | Entered Level 1 of the Lair of Beasts
 18359 | Lair:1   | Noticed Joseph
 18363 | Lair:1   | Killed Joseph
 18572 | Lair:1   | Reached XP level 12. HP: 56/59 MP: 26/31
 19539 | Lair:2   | Found a transporter.
 19540 | Lair:2   | Found a transporter.
 19540 | Lair:2   | Noticed Mandevil's ghost (journeyman TrEE)
 19580 | Lair:2   | Noticed a catoblepas
 19704 | Lair:2   | Found a burning altar of Makhleb.
 19800 | Lair:2   | Noticed Gastronok
 19810 | Lair:2   | Killed Gastronok
 19811 | Lair:2   | Reached skill level 14 in Spellcasting
 20020 | Lair:3   | Noticed Nessos
 20020 | Lair:3   | Found a blossoming altar of Fedhas.
 20115 | Lair:2   | Noticed a four-headed hydra
 20119 | Lair:2   | Killed a four-headed hydra
 20204 | Lair:2   | Killed a catoblepas
 21960 | Orc:1    | Entered Level 1 of the Orcish Mines
 22415 | Orc:1    | Found a radiant altar of Vehumet.
 22454 | Orc:1    | Found a runed translucent gate.
 22454 | Orc:1    | Found a runed translucent gate.
 22498 | Orc:1    | Found a runed translucent gate.
 22503 | Orc:1    | Noticed prawnwizard's ghost (journeyman MfMo)
 22960 | Orc:2    | Entered Level 2 of the Orcish Mines
 22998 | Orc:2    | Noticed an orc high priest
 23002 | Orc:2    | Killed an orc high priest
 23796 | Orc:2    | Offered knowledge of Yara's Violent Unravelling by Vehumet.
 23982 | Orc:2    | Noticed an orc high priest
 23985 | Orc:2    | Reached skill level 10 in Dodging
 23989 | Orc:2    | Noticed an orc high priest
 23992 | Orc:2    | Killed an orc high priest
 23994 | Orc:2    | Noticed an orc high priest
 23997 | Orc:2    | Killed an orc high priest
 23998 | Orc:2    | Reached skill level 5 in Ice Magic
 24002 | Orc:2    | Killed an orc high priest
 24200 | Orc:2    | Found a staircase to the Elven Halls.
 24249 | Orc:2    | Noticed an orc high priest
 24253 | Orc:2    | Killed an orc high priest
 24254 | Orc:2    | Reached XP level 13. HP: 63/63 MP: 15/33
 24259 | Orc:2    | Reached skill level 15 in Spellcasting
 24410 | Orc:2    | Found Huxza Resh's Magic Scroll Boutique.
 24410 | Orc:2    | Found Waprif's General Store.
 24625 | Orc:2    | Found Soferait's Antique Armour Boutique.
 24625 | Orc:2    | Found Hugob's Jewellery Emporium.
 25233 | D:12     | Noticed Urug
 25816 | D:13     | Found Lyokkeo's Armour Boutique.
 26296 | D:12     | Killed Urug
 27123 | D:13     | Noticed Maurice
 27151 | D:13     | Killed Maurice
 28938 | D:13     | Found a gate to the Vaults.
 29921 | D:12     | Reached skill level 16 in Spellcasting
 31159 | Lair:3   | Reached XP level 14. HP: 68/68 MP: 18/36
 31360 | Lair:3   | Killed Nessos
 31777 | Lair:3   | Found a staircase to the Snake Pit.
 32322 | Lair:3   | Found a staircase to the Shoals.
 32751 | Lair:4   | Offered knowledge of Spellforged Servitor by Vehumet.
 35050 | Lair:5   | Entered Level 5 of the Lair of Beasts
 35338 | Lair:4   | Found a runed translucent door.
 35338 | Lair:4   | Found a viscous altar of Jiyva.
 35338 | Lair:4   | Found a staircase to the Slime Pits.
 35746 | Lair:4   | Identified the +1 leather armour of Valiance {-Cast Rampage
                  | +Blink Dex+3}
 35766 | Lair:4   | Identified a scroll of acquirement
 36364 | Lair:5   | Reached skill level 17 in Spellcasting
 38107 | Lair:5   | Offered knowledge of Orb of Destruction by Vehumet.
 38116 | Lair:5   | Learned a level 7 spell: Orb of Destruction
 38500 | Lair:5   | Reached skill level 15 in Earth Magic
 38667 | Lair:5   | Got the Spellbook of Rationality
 38816 | Lair:5   | Found the +7 sceptre of Torment {pain, torment}
 38825 | Lair:5   | Reached XP level 15. HP: 72/72 MP: 22/38
 39854 | D:13     | Found a portal to a secret trove of treasure.
 41026 | D:13     | Learned a level 8 spell: Lehudib's Crystal Spear
 42843 | D:14     | Noticed Jorgrun
 42848 | D:14     | Killed Jorgrun
 43046 | D:14     | Found a blossoming altar of Fedhas.
 43062 | D:15     | Entered Level 15 of the Dungeon
 43468 | D:14     | Identified the +5 war axe "Jouzamp" {drain, rF+ Dex+3}
 43546 | D:15     | Noticed Agnes
 43555 | D:15     | Killed Agnes
 43556 | D:15     | Reached skill level 18 in Spellcasting
 43991 | D:15     | Reached skill level 15 in Conjurations
 45310 | D:15     | Found Vaamu's General Store.
 45609 | D:15     | Found Olyami's General Store.
 45613 | D:15     | Got Sif Muna's Excursus on Entrancing Unholy Arts
 45635 | D:15     | Learned a level 4 spell: Cause Fear
 46128 | D:15     | Found Upaceof's Assorted Antiques.
 46143 | D:15     | Identified the +1 robe "Litsari" {Fly rElec Stlth+}
 47562 | Elf:1    | Entered Level 1 of the Elven Halls
 47842 | Elf:1    | Paralysed by an air elemental for 1 turns
 47924 | Elf:2    | Noticed Saint Roka
 48139 | Elf:1    | Found Qiseciri's Book Emporium.
 48809 | Elf:1    | Got the Folio of Necromancy
 49253 | Elf:1    | Found a hide-covered altar of Uskayaw.
 51080 | D:9      | Bought a +1 pair of boots of flying for 165 gold pieces
 51779 | Shoals:1 | Entered Level 1 of the Shoals
 51779 | Shoals:1 | You are sucked into a shaft and drop 1 floor!
 52231 | Shoals:1 | Reached skill level 19 in Spellcasting
 52371 | Shoals:1 | Identified the -2 hat "Witaun" {Drain Fly Regen+}
 52474 | Shoals:1 | Noticed Louise
 52474 | Shoals:1 | Noticed Mlioglotl
 52476 | Abyss:2  | Cast into level 2 of the Abyss (Louise)
 52510 | Abyss:2  | Found a radiant altar of Vehumet.
 52825 | Abyss:2  | Noticed a bone dragon
 52851 | Abyss:2  | Killed from afar by a wretched star

Illustrated notes

Levels and vault maps discovered:
D:1:      nzn_arrival_depleted_hourglass, layout_basic,
          hellmonk_ecumenical_altar_run_dry, serial_shops,
          nicolae_shop_advertising_works [nicolae_subvault_shop_adworks],
          minivault_5
D:2:      minmay_inner_zag, layout_basic, minmay_snake_closets
D:3:      layout_loops_ring, kennysheep_vampire_church,
          nicolae_elevator_lobby_plus
D:4:      layout_basic, makhleb_blood_cavern_becter, tgw_trog
D:5:      layout_loops_ring, uniq_eustachio, uniq_crazy_yiuf_cottage, uniq_ijyb
D:6:      layout_loops_corners, minmay_temple_entry_mini_moons, uniq_edmund
D:7:      layout_layer_cave, mainiacjoe_overflow_concentric_impassable,
          serial_glass, glass_columns_c, glass_columns_b
D:8:      layout_layer_cave
D:9:      layout_basic, serial_shops,
          nicolae_shop_temple_entry_statues_fountains, kennysheep_minor_cross
D:10:     layout_basic, david_orc_2, dreamdust_mushroom_princess
D:11:     layout_roguey, minmay_lair_entry_grove,
          nicolae_gozag_zags_fifth_avenue
D:12:     layout_long_grid, kb_lookout_dungeons_type, minmay_checkerbox,
          uniq_urug
D:13:     layout_cave_pods, erik_vaults_2, serial_shops, shop,
          nicolae_trove_entry_crystal, grunt_tough_drop, uniq_maurice
D:14:     layout_roguey, fedhas_altar_fruit_tree, uniq_jorgrun
D:15:     hangedman_depths_entry_try_elsewhere_first, layout_rooms,
          minmay_misc_feat_iff, serial_shops, nicolae_shop_crystal,
          nicolae_inconvenience_store, nicolae_square_shop, uniq_agnes
Temple:   dpeg_three_leaves_temple
Lair:1:   layout_small_grid, uniq_joseph
Lair:2:   layout_cave_pods, gammafunk_ghost_arena,
          chequers_serial_rivers_small_a, lemuel_oklob_altar, uniq_gastronok
Lair:3:   layout_long_grid, minmay_shoals_entry_hut,
          minmay_snake_entry_guardpost_small, lemuel_altar_in_water2,
          small_statue_intersection, nicolae_lair_grazing_beasts
          [nicolae_sub_lair_graze_edge, nicolae_sub_lair_graze_edge,
          nicolae_sub_lair_graze_edge, nicolae_sub_lair_graze_edge],
          serial_bayou_shore_a, uniq_nessos
Lair:4:   layout_regular_city, slime_entry_2, infiniplex_staircase_pool_2
Lair:5:   gammafunk_lair_ancient_temple, layout_misc_corridors,
          grunt_megastairs_5, lemuel_fruit_fields, serial_bayou_shore_b
Shoals:1: layout_shoals, serial_shops, shop_scrolls, overgrown_tower,
          nicolae_shoals_beach_cooler, uniq_louise, uniq_mlioglotl
Shoals:2: layout_shoals, nicolae_shoals_cliffside_cave,
          nicolae_shoals_stone_sculpture_thing, uniq_roxanne
Orc:1:    layout_caves, gammafunk_ghost_split, basic_altar,
          nicolae_orc_pool_cavern
Orc:2:    st_orc_town, layout_diamond_mine
Elf:1:    nicolae_elf_arrival_fired_up, layout_onion_city, serial_shops, shop,
          minmay_elf_necromancy, nicolae_elf_altarnating
Elf:2:    nicolae_elf_blades_crystal_corner, layout_geoelf_diagonals,
          minmay_shoptagon, uniq_saint_roka
Abyss:2:  base: D:8, evilmike_abyss_exit_9

Skill      XL: |  1  2  3  4  5  6  7  8  9 10 11 12 13 14 15 |
---------------+----------------------------------------------+-----
Spellcasting   | 4 5 6 7 8 10 12 13 14 16 17 19 | 19.1
Earth Magic    | 4 5 6 7 9 10 11 12 13 15 16 | 16.3
Dodging        | 3 4 5 7 8 9 10 11 12 | 12.9
Conjurations   | 1 2 3 4 6 8 9 10 12 13 14 15 | 15.9
Ranged Weapons | 2 5 7 8 9 |  9.6
Ice Magic      | 3 5 6 7 |  7.5
Stealth        | |  2.4
Transmutations | |  1.1

Action                   |  1- 3 |  4- 6 |  7- 9 | 10-12 | 13-15 || total
-------------------------+-------+-------+-------+-------+-------++-------
Melee: Sling             |       |       |       |     1 |     2 ||     3
 Fire: Sling             |       |     8 |    95 |   189 |   152 ||   444
 Cast: Sandblast         |    55 |    85 |    75 |   118 |    61 ||   394
       Stone Arrow       |       |    13 |    64 |   175 |   247 ||   499
       Petrify           |       |       |       |     9 |    32 ||    41
       Freezing Cloud    |       |       |       |    88 |   212 ||   300
       Airstrike         |       |       |       |     8 |    45 ||    53
       Orb of Destructio |       |       |       |       |   108 ||   108
       Lehudib's Crystal |       |       |       |       |     4 ||     4
       Passwall          |       |       |       |       |     2 ||     2
Evoke: Wand              |       |       |     8 |     8 |    31 ||    47
  Use: Scroll            |       |     4 |     7 |    17 |    20 ||    48
       Potion            |       |     2 |     2 |     3 |    26 ||    33
 Stab: Distracted        |       |       |       |       |     1 ||     1
Armor: Robe              |     2 |     2 |     8 |    11 |    26 ||    49
Dodge: Dodged            |    12 |    22 |    69 |    77 |   206 ||   386
